 Dungeon Crawl Stone Soup version 0.28.0-43-g3370ac3207 (webtiles) character file.

Game seed: 16804324202687409413

35 Circulus the Cudgeller (level 3, 0/29 HPs)
             Began as a Human Berserker on Mar 14, 2022.
             Was a Follower of Trog.
             Succumbed to an adder's poison
             ... on level 2 of the Dungeon.
             The game lasted 00:08:33 (1061 turns).

Circulus the Cudgeller (Human Berserker)            Turns: 1061, Time: 00:08:33

Health: 0/29       AC:  2    Str: 19    XL:     3   Next: 55%
Magic:  3/3        EV: 12    Int:  7    God:    Trog [*.....]
Gold:   39         SH:  0    Dex: 12    Spells: 2/2 levels left

rFire   . . .      SeeInvis .   c - +0 dagger
rCold   . . .      Faith    .   (no shield)
rNeg    . . .      Spirit   .   b - +0 animal skin
rPois   .          Reflect  .   (no helmet)
rElec   .          Harm     .   (no cloak)
rCorr   .          Rampage  .   (no gloves)
Will    .....                   (no boots)
Stlth   +.........              (no amulet)
HPRegen 0.09/turn               (no ring)
MPRegen 0.08/turn               (no ring)

@: lethally poisoned (0 -> -3)
A: no striking features
a: Renounce Religion, Berserk


You were on level 2 of the Dungeon.
You worshipped Trog.
Trog was aware of your devotion.
You visited 1 branch of the dungeon, and saw 2 of its levels.

You collected 39 gold pieces.

Inventory:

Hand Weapons
 a - a +0 mace
 c - a +0 dagger (weapon)
Armour
 b - a +0 animal skin (worn)
Scrolls
 e - a scroll of magic mapping


   Skills:
 + Level 3.3 Fighting
 * Level 0.4 Short Blades
 - Level 3.3 Maces & Flails
 + Level 2.4 Armour
 + Level 2.4 Dodging


You had 2 spell levels left.
You didn't know any spells.
Your spell library contained the following spells:

 Spells                   Type           Power      Damage    Failure   Level
 Pain                     Necr           0%         1d4       43%         1
 Agony                    Necr           0%         N/A       100%        5
 Excruciating Wounds      Necr           0%         N/A       100%        5


Dungeon Overview and Level Annotations

Branches:
Dungeon (2/15)

Altars:


Message History

You miss the adder. You punch the adder.
You kill the adder!
Trog accepts your kill.
* * * LOW HITPOINT WARNING * * *
You feel sick.
No target in view!
You don't know any spells.
There is a lethal amount of poison in your body!
Unknown command.
Blink to where?
Press: ? - help, Dir - move target
Found a stone staircase leading up.
As you read the scroll labelled COBIGO TEM LUWK, it crumbles to dust.
It was a scroll of blinking.
* * * LOW HITPOINT WARNING * * *
You feel sick.
As you read the scroll labelled GAECOUSMUORU, it crumbles to dust.
You feel aware of your surroundings.
You sensed 2 altars, and 1 shop/portal.
It was a scroll of magic mapping.
* * * LOW HITPOINT WARNING * * *
You feel sick.
Press: ? - help, v - describe, . - travel, g - get item Item here: an adder corpse.
The floor.
There is a lethal amount of poison in your body!
Press: ? - help, v - describe, . - travel, g - get item Item here: an adder corpse.
The floor.
There is a lethal amount of poison in your body!
Press: ? - help, v - describe, . - travel, g - get item Item here: an adder corpse.
The floor.
There is a lethal amount of poison in your body!
There is a lethal amount of poison in your body!
There are no items here.
There are no items here.
There are no items here.
* * * LOW HITPOINT WARNING * * *
You feel sick.
You die...

**,,,,,** *,,,...8#
*,,,,,************,*,,...##
,,,,,**,,,,...,,,,,*8,....##*# **
,,,,8*,,,,,...,,******.....#8##*8
,,,***,,,,,,..,,* *#........,,
,,**,,,,,,,,..,,#### #⌠.......,,
,**,,**,,,**#.*##.<# ##........,,
,8*,*,,,*** #.*#..####.....#8***8
,**,*,,,* #.##@###8.....##** **
,**,*,,,* ##....###S....##
,**,,,,,* #.....#......8# *
,8*,*,,,* #.###<......### **
,**,*,,,* *#<* ###....##**** *,
,,,,*,,,* *.,* ###8##*,,,*** *,
**,****** #.** **,###,,,**,,* *,
*,,*******#,*****,,,,,,,**,,,* *,
,,,,,,,,,,,,,,,**,,,,,,**,,*****,


There were no monsters in sight!

Vanquished Creatures
  An adder (D:2)
  A dart slug (D:1)
  2 bats (D:1)
  3 endoplasms (D:1)
  2 giant cockroaches (D:1)
  3 goblins (D:1)
  2 hobgoblins (D:1)
  A ball python (D:1)
  4 frilled lizards (D:1)
  A kobold (D:1)
  4 rats (D:1)
24 creatures vanquished.

Notes
Turn   | Place    | Note
-------+----------+-------------------------------------------
     0 | D:1      | Circulus the Human Berserker began the quest for the Orb.
     0 | D:1      | Reached XP level 1. HP: 18/18 MP: 1/1
   103 | D:1      | Reached XP level 2. HP: 21/24 MP: 2/2
   585 | D:1      | Reached XP level 3. HP: 29/29 MP: 3/3
  1060 | D:2      | HP: 1/29 [poisoned by an adder]
  1061 | D:2      | Succumbed to an adder's poison

Illustrated notes

Levels and vault maps discovered:
D:1:      matt_arrival_diagonals, layout_basic
D:2:      minmay_alternating_diamond, layout_rooms,
          dreamdust_ecumenical_altar_grove, serial_shops, nicolae_diamond_shop,
          serial_corexii_hall, chequers_hall_statues_corner_a,
          corexii_hall_statues_x, chequers_hall_statues_y,
          chequers_hall_statues_y, basic_altar

Action                   || total
-------------------------++-------
Melee: Mace              ||    43
       Punch             ||     3
       Dagger            ||    22
  Use: Scroll            ||     2
 Stab: Sleeping          ||     1
Armor: Animal skin       ||     6
Dodge: Dodged            ||    41
